 Dungeon Crawl Stone Soup version 0.28-a0-1524-ge72afd5fc6 (webtiles) character file.

Game seed: 18276132723772455624

2 psuckher the Sneak (level 1, -14/19 HPs)
             Began as a Barachi Delver on Jan 17, 2022.
             Shot with an arrow by a centaur (15 damage)
             ... on level 5 of the Dungeon.
             The game lasted 00:00:21 (61 turns).

psuckher the Sneak (Barachi Delver)                   Turns: 61, Time: 00:00:22

Health: -14/19     AC:  3    Str: 13    XL:     1   Next: 30%
Magic:  1/1        EV: 12    Int: 10    God:
Gold:   0          SH:  0    Dex: 13    Spells: 0/0 levels left

rFire   . . .      SeeInvis .   a - +0 falchion
rCold   . . .      Faith    .   (no shield)
rNeg    . . .      Spirit   .   b - +0 leather armour
rPois   .          Reflect  .   (no helmet)
rElec   .          Harm     .   (no cloak)
rCorr   .          Rampage  .   (no gloves)
Will    .....                   (no boots)
Stlth   ++........              (no amulet)
HPRegen 0.06/turn               (no ring)
MPRegen 0.07/turn               (no ring)

@: slow
A: amphibious, slowness 1, strong legs 1, +LOS
a: Hop


You were on level 5 of the Dungeon.
You visited 1 branch of the dungeon, and saw 1 of its levels.

Inventory:

Hand Weapons
 a - a +0 falchion (weapon)
Armour
 b - a +0 leather armour (worn)
Wands
 g - a wand of digging (3)
Scrolls
 c - a scroll of fog
 d - a scroll of magic mapping
Potions
 f - a potion of haste


   Skills:
 + Level 3.8 Fighting
 + Level 2.4 Long Blades
 + Level 2.1 Dodging
 + Level 4.5 Stealth


You couldn't memorise any spells.
You didn't know any spells.
Your spell library was empty.

Dungeon Overview and Level Annotations

Branches:
Dungeon (5/15)
 Temple: D:4-7

Altars:

Annotations:
D:5 Pikel


Innate Abilities, Weirdness & Mutations

You are amphibious.
You cover ground slowly.
You can hop short distances.
You have an extended range of vision and can be seen from far away.


Message History

Welcome, psuckher the Barachi Delver.
Below lies the Orb of Zot, rumoured to be powerful enough to resurrect a god...
Press ? for a list of commands and other information.
Found a robe, a ring mail and a chain mail.
Found a stone staircase leading down.
Pikel and 2 lemures come into view.
Pikel is wielding a +2 whip of flaming.
The lemure shouts!
The lemure shouts!
There is a stone staircase leading down here.
As you read the scroll of fear, it crumbles to dust.
You assume a fearsome visage.
The lemure looks frightened! x2
An orc comes into view. It is wielding a +0 whip.
The orc shouts!
You barely miss the orc. The orc hits you with a +0 whip.
You barely miss the orc. The orc barely misses you.
You hit the orc.
The orc is severely wounded.
The orc hits you with a +0 whip. The orc closely misses you.
You hit the orc.
The orc is almost dead.
The orc barely misses you.
You hit the orc.
You kill the orc!
Things that are here:
a +0 whip; a +0 ring mail; an orc corpse A centaur comes into view.
The centaur shouts!
The centaur wields a +0 shortbow.
The centaur shoots an arrow.
The arrow hits you!
Ouch! That really hurt!
The centaur shoots an arrow.
The arrow completely misses you.
The centaur shoots an arrow.
The arrow hits you.
* * * LOW HITPOINT WARNING * * *
The centaur shoots an arrow.
The arrow hits you!
Ouch! That really hurt!
You die...

###########
#.........#
#..c......#
####.........# .....
............#
###.#.######........
[........#........#
.........#......@.#
[[.......#........#
5........#........#
.........#........#
.5.......#.###.####
.....>...#.# ♣.♣ #####
#####5####.#♣♣.♣♣#...#
#.# #.........#.# #.#
#.#♣♣.♣♣###.#


You could see a centaur.

Vanquished Creatures
  An orc (D:5)
1 creature vanquished.

Notes
Turn   | Place    | Note
-------+----------+-------------------------------------------
     0 | D:5      | psuckher the Barachi Delver began the quest for the Orb.
     0 | D:5      | Reached XP level 1. HP: 18/18 MP: 1/1
     0 | D:5      | Noticed Pikel
     0 | D:5      | Noticed a lemure
     0 | D:5      | Noticed a lemure
    59 | D:5      | Noticed a centaur
    61 | D:5      | Shot with an arrow by a centaur

Illustrated notes

Levels and vault maps discovered:
D:5:      minmay_opposing_rooms, layout_basic, minmay_tree_intersection,
          hangedman_decor_peaks_small, uniq_blork_the_orc, uniq_eustachio,
          uniq_pikel

Action                   || total
-------------------------++-------
Melee: Falchion          ||     5
  Use: Scroll            ||     1
Dodge: Dodged            ||     4

Table legend: (Time is in decaauts)
 A = Elapsed time spent in this place.
 B = Non-inter-level travel time spent in this place.
 C = Inter-level travel time spent in this place.
 D = Time resting spent in this place.
 E = Time spent auto-exploring this place.
 F = Levels seen in this place.
 G = Mean time per level.
                   A        B        C        D        E       F      G
               +--------+--------+--------+--------+--------+-----+--------+
         Total |     72 |     72 |      0 |      0 |      0 |   1 |   72.0 |
       Dungeon |     72 |     72 |      0 |      0 |      0 |   1 |   72.0 |
               +--------+--------+--------+--------+--------+-----+--------+

Top non-repeatable levels by time:
     D:5: 72 daAuts
